[ AOE2 MATCH · #472467356 ]
1v1 EWPortuguese vs Lithuanians
[ REPLAY ANALYSIS · EXTRACTED FROM THE RECORDED GAME ]
Feudal
—
Castle
7:44
Imperial
—
| APM avg | 42.9 |
| APM peak | 66 |
| eAPM avg | 20.5 |
| Villagers / military | 29 / 17 |
Focus
⚔️ 35.0% · 🌾 65.0%
Archer ×14 · Fishing Ship ×4 · Galley ×3 · Unknown (2626) ×1
Feudal
—
Castle
10:23
Imperial
—
| APM avg | 28.8 |
| APM peak | 42 |
| eAPM avg | 17.0 |
| Villagers / military | 18 / 7 |
Focus
⚔️ 20.5% · 🌾 79.5%
Militia ×6 · Fire Galley ×1 · Unknown (2626) ×1
Match map
Initial resources + every placement click. Lines = walls · curves = elevation contours. ◆ gold · ⬟ stone · ● berries · ✦ relic · ◌ wall gap
Inputs per minute
— mario ovalle - - Set
Build order — mario ovalle
88 actions detected in the replay
| 0:00 | Create | Villager (Male) |
| 0:01 | Create | Villager (Male) |
| 0:18 | Build | Palisade Wall |
| 0:20 | Build | Palisade Wall |
| 0:23 | Build | Palisade Wall |
| 0:40 | Build | Dock |
| 0:46 | Build | Palisade Wall |
| 0:50 | Create | Villager (Male) |
| 0:53 | Create | Villager (Male) |
| 1:19 | Create | Villager (Male) |
| 1:22 | Research | Double-Bit Axe |
| 1:27 | Create | Galley |
| 2:06 | Create | Villager (Male) |
| 2:08 | Build | Farm |
| 2:10 | Build | House |
| 2:11 | Build | House |
| 2:14 | Build | Farm |
| 2:17 | Build | Farm |
| 2:19 | Build | Farm |
| 2:21 | Build | Farm |
| 2:31 | Create | Villager (Male) |
| 2:56 | Create | Galley |
| 3:09 | Build | Dock |
| 3:11 | Create | Villager (Male) |
| 3:23 | Build | Farm |
| 3:24 | Create | Villager (Male) |
| 3:32 | Build | Market |
| 3:34 | Create | Villager (Male) |
| 3:45 | Build | Farm |
| 3:49 | Create | Villager (Male) |
| 4:03 | Build | House |
| 4:05 | Create | Fishing Ship |
| 4:12 | Create | Villager (Male) |
| 4:18 | Create | Villager (Male) |
| 4:25 | Create | Villager (Male) |
| 4:28 | Build | Archery Range |
| 4:59 | Create | Fishing Ship |
| 5:04 | Research | Castle Age |
| 5:15 | Create | Archer |
| 5:19 | Build | House |
| 5:20 | Build | House |
| 5:41 | Research | Fletching |
| 5:46 | Create | Fishing Ship |
| 5:53 | Create | Archer |
| 5:57 | Build | Palisade Wall |
| 6:12 | Build | Archery Range |
| 6:43 | Create | Archer |
| 6:44 | Create | Archer |
| 6:58 | Create | Archer |
| 6:58 | Create | Archer |
| 7:08 | Build | Farm |
| 7:11 | Create | Villager (Male) |
| 7:19 | Create | Galley |
| 7:23 | Build | House |
| 7:24 | Create | Villager (Male) |
| 7:42 | Create | Archer |
| 7:43 | Create | Archer |
| 7:44 | Age | Castle Age |
| 7:49 | Research | Crossbowman (upgrade) |
| 7:56 | Create | Villager (Male) |
| 8:01 | Research | Bodkin Arrow |
| 8:11 | Create | Archer |
| 8:15 | Create | Villager (Male) |
| 8:32 | Build | House |
| 8:33 | Build | House |
| 8:35 | Build | Palisade Wall |
| 8:37 | Create | Villager (Male) |
| 8:41 | Create | Villager (Male) |
| 8:53 | Create | Villager (Male) |
| 8:55 | Create | Fishing Ship |
| 9:06 | Build | Palisade Wall |
| 9:08 | Create | Archer |
| 9:08 | Create | Archer |
| 9:22 | Create | Villager (Male) |
| 9:27 | Build | House |
| 9:28 | Create | Villager (Male) |
| 9:32 | Research | Padded Archer Armor |
| 9:34 | Create | Villager (Male) |
| 9:50 | Research | War Galley (upgrade) |
| 10:10 | Create | Villager (Male) |
| 10:11 | Create | Archer |
| 10:11 | Create | Archer |
| 10:26 | Create | Villager (Male) |
| 10:39 | Create | Villager (Male) |
| 10:49 | Create | Unit 2626 |
| 10:52 | Create | Villager (Male) |
| 10:55 | Create | Villager (Male) |
| 11:05 | Create | Archer |
Build order — Set
66 actions detected in the replay
| 0:33 | Create | Villager (Male) |
| 0:48 | Research | Double-Bit Axe |
| 0:48 | Research | Double-Bit Axe |
| 0:48 | Research | Double-Bit Axe |
| 0:59 | Build | House |
| 1:25 | Create | Villager (Male) |
| 1:26 | Create | Villager (Male) |
| 1:28 | Create | Villager (Male) |
| 1:35 | Build | Dock |
| 1:44 | Create | Villager (Male) |
| 1:47 | Research | Man-at-Arms (upgrade) |
| 1:48 | Create | Militia |
| 1:57 | Research | Horse Collar |
| 1:58 | Research | Horse Collar |
| 2:14 | Build | Dock |
| 2:18 | Create | Villager (Male) |
| 2:24 | Create | Villager (Male) |
| 2:26 | Create | Militia |
| 2:33 | Build | Farm |
| 2:35 | Build | Farm |
| 2:40 | Build | Farm |
| 2:44 | Build | Farm |
| 2:47 | Build | Farm |
| 2:49 | Create | Villager (Male) |
| 3:24 | Create | Villager (Male) |
| 3:25 | Create | Militia |
| 3:25 | Create | Militia |
| 3:33 | Create | Villager (Male) |
| 3:40 | Build | Farm |
| 3:45 | Build | Farm |
| 3:46 | Create | Villager (Male) |
| 3:54 | Build | Farm |
| 4:02 | Build | House |
| 4:19 | Create | Militia |
| 4:19 | Create | Militia |
| 4:21 | Research | Forging |
| 4:29 | Build | Farm |
| 4:33 | Build | Farm |
| 4:35 | Create | Villager (Male) |
| 4:49 | Create | Villager (Male) |
| 4:58 | Build | House |
| 5:12 | Build | Farm |
| 5:17 | Build | Farm |
| 5:19 | Research | Scale Mail Armor |
| 5:19 | Research | Scale Mail Armor |
| 5:22 | Create | Villager (Male) |
| 5:35 | Build | Mill |
| 6:01 | Build | Stable |
| 6:29 | Create | Villager (Male) |
| 7:09 | Create | Villager (Male) |
| 7:35 | Research | Castle Age |
| 7:35 | Research | Castle Age |
| 7:43 | Build | Mining Camp |
| 8:33 | Build | Dock |
| 9:35 | Create | Villager (Male) |
| 9:35 | Create | Villager (Male) |
| 9:44 | Create | Fire Galley |
| 9:46 | Create | Unit 2626 |
| 9:51 | Build | House |
| 10:11 | Build | House |
| 10:23 | Age | Castle Age |
| 10:26 | Build | Town Center |
| 10:37 | Build | Town Center |
| 10:39 | Research | Bow Saw |
| 10:39 | Research | Bow Saw |
| 10:42 | Research | Heavy Plow |
Match timeline
| 0:18 | mario ovalle · wall_segment Palisade Wall x4 |
| 0:20 | mario ovalle · wall_segment Palisade Wall x5 |
| 0:23 | mario ovalle · wall_segment Palisade Wall x3 |
| 0:40 | mario ovalle · first_building Dock |
| 0:46 | mario ovalle · wall_segment Palisade Wall x5 |
| 1:35 | Set · first_building Dock |
| 4:28 | mario ovalle · first_building Archery Range |
| 4:44 | mario ovalle · first_market_buy 100 food |
| 4:46 | mario ovalle · first_market_sell 100 wood |
| 5:57 | mario ovalle · wall_segment Palisade Wall x1 |
| 6:01 | Set · first_building Stable |
| 7:44 | mario ovalle · age_up castle |
| 8:35 | mario ovalle · wall_segment Palisade Wall x8 |
| 9:06 | mario ovalle · wall_segment Palisade Wall x1 |
| 10:23 | Set · age_up castle |
| 11:08 | Set · resign |
[ AI ANALYSIS · 1 CREDIT ]
What really happened in this match?
Wolo.gg analyzes every decision: build order, eco, micro, common mistakes by bracket. Personalized analysis on WhatsApp or Discord in 30 seconds.
Civ guide
Portuguese
Map guide
Loch Ness
Perfil
Jugador #289249